 Dungeon Crawl Stone Soup version 0.26-a0-259-g1effd001a9 (webtiles) character file.

Game seed: 2969543555504673576

22 Esekla the Skirmisher (level 3, 0/29 HPs)
             Began as a Formicid Abyssal Knight on July 12, 2020.
             Was a Follower of Lugonu.
             Succumbed to an adder's poison
             ... on level 2 of the Dungeon.
             The game lasted 00:05:55 (236 turns).

Esekla the Skirmisher (Formicid Abyssal Knight)      Turns: 236, Time: 00:05:56

Health: 0/29       AC:  3    Str: 16    XL:     3   Next: 7%
Magic:  4/4        EV: 11    Int: 12    God:    Lugonu [*.....]
Gold:   67         SH:  0    Dex: 10    Spells: 3/3 levels left

rFire    . . .     SeeInvis +   a - +1 falchion
rCold    . . .     Faith    .   (no shield)
rNeg     . . .     Spirit   .   b - +0 leather armour
rPois    .         Reflect  .   (helmet unavailable)
rElec    .         Harm     .   (no cloak)
rCorr    .                      (no gloves)
MR       .....                  (no boots)
Stlth    +.........             (no amulet)
HPRegen  0.09/turn              (no ring)
MPRegen  0.09/turn              (no ring)

@: lethally poisoned (0 -> -2)
A: permanent stasis, dig shafts and tunnels, four strong arms, antennae 3
a: Dig, Shaft Self, Depart the Abyss, Renounce Religion


You were on level 2 of the Dungeon.
You worshipped Lugonu.
Lugonu was aware of your devotion.
You were not hungry.

You visited 1 branch of the dungeon, and saw 2 of its levels.
You visited the Abyss 1 time.

You collected 67 gold pieces.

Inventory:

Hand Weapons
 a - a +1 falchion (weapon)
 d - a +1 dagger of holy wrath
Armour
 b - a +0 leather armour (worn)
Jewellery
 f - a cursed ring of teleportation {unknown}
Scrolls
 g - a scroll of magic mapping {unknown}
 h - a scroll of teleportation {unknown}
Comestibles
 c - 6 rations


   Skills:
 + Level 3.5 Fighting
 + Level 2.6 Long Blades
 + Level 2.3 Armour
 + Level 0.8 Dodging
 * Level 0.9 Spellcasting
 + Level 2.2 Invocations


You had 3 spell levels left.
You didn't know any spells.
Your spell library contained the following spells:

 Spells                   Type           Power        Failure   Level
 Poisonous Vapours        Pois/Air       #.....       50%         2
 Conjure Flame            Conj/Fire      #.......     73%         3
 Mephitic Cloud           Conj/Pois/Air  #.......     73%         3
 Freezing Cloud           Conj/Ice/Air   #.........   100%        6
 Ring of Flames           Chrm/Fire      #.........   100%        7


Dungeon Overview and Level Annotations

Branches:
Dungeon (1/15)

Altars:


Innate Abilities, Weirdness & Mutations

You cannot be hasted, slowed, berserked, paralysed or teleported.
You can dig through walls and to a lower floor.
Your four strong arms can wield two-handed weapons with a shield.
You have a pair of large antennae on your head. (SInv)


Message History

* * * LOW HITPOINT WARNING * * *
You hit the hobgoblin.
The hobgoblin is almost dead.
The hobgoblin hits you with a +0 club.
* * * LOW HITPOINT WARNING * * *
You barely miss the hobgoblin.
The hobgoblin is almost dead.
* * * LOW HITPOINT WARNING * * *
You feel sick.
The hobgoblin hits you but does no damage.
It was a potion of haste.
Your stasis prevents you from being hasted.
The hobgoblin barely misses you.
You riposte.
You hit the hobgoblin.
You kill the hobgoblin!
Lugonu accepts your kill.
You can now depart the Abyss.
Things that are here:
a +0 club; an adder corpse You see here 16 gold pieces.
You now have 67 gold pieces (gained 16).
You die...

## ## #.{.# .#. ...
#.# #.# #.#
#####)#####
#...@.....# ##+#
#.##..###.# ##...#
#.##.##
##.....##.##.#
#.......#.##.#.##.#
.......g..........#
....................
.........###....####
#.......#........#


There were no monsters in sight!

Vanquished Creatures
  2 adders (D:2)
  A hobgoblin (D:2)
  A kobold (D:1)
  A rat (D:1)
5 creatures vanquished.

Notes
Turn   | Place    | Note
-------+----------+-------------------------------------------
     0 | Abyss:1  | Esekla the Formicid Abyssal Knight began the quest for the
                  | Orb.
     0 | Abyss:1  | Reached XP level 1. HP: 18/18 MP: 2/2
    67 | Abyss:3  | Noticed a starcursed mass
   151 | Abyss:3  | Noticed a wolf spider zombie
   154 | D:1      | Escaped the Abyss
   208 | D:1      | You fall into a shaft and drop 1 floor!
   215 | D:2      | Reached XP level 2. HP: 24/24 MP: 3/3
   226 | D:2      | Reached XP level 3. HP: 9/29 MP: 4/4
   232 | D:2      | HP: 1/29 [poisoned by an adder]
   233 | D:2      | Reached * piety under Lugonu
   236 | D:2      | Succumbed to an adder's poison

Illustrated notes

Levels and vault maps discovered:
D:1:      nicolae_arrival_washed_ashore, layout_basic,
          chequers_decorated_corner, minmay_pentomino_r2
D:2:      layout_loops_corners, tso_oasis_becter, first_ration,
          kennysheep_flooded_box, nicolae_ru_awakened_eye

Action                   || total
-------------------------++-------
Melee: Falchion          ||    18
Invok: Depart the Abyss  ||     1
  Use: Potion            ||     1
Armor: Leather armour    ||     4
Dodge: Dodged            ||    10
       Rpst.: Falchion   ||     7

Table legend:
 A = Non-vault XP
 B = Vault XP
 C = Vault XP percentage of total XP
 D = Non-vault monster count
 E = Vault monster count
 F = Vault count percentage of total count
                 A         B        C        D         E       F
            +---------+---------+-------+---------+---------+-------
      Total |      32 |       0 |   0.0 |       5 |       0 |   0.0
            +---------+---------+-------+---------+---------+-------
        D:1 |       3 |       0 |   0.0 |       2 |       0 |   0.0
        D:2 |      29 |       0 |   0.0 |       3 |       0 |   0.0
            +---------+---------+-------+---------+---------+-------
